 Dungeon Crawl Stone Soup version 0.32-a0-859-gb0a091d592 (webtiles) character file.

Game seed: 6629254945675291510

47 Griffin23 the Shield-Bearer (level 3, 0/33 HPs)
             Began as a Minotaur Fighter on Mar 27, 2024.
             Slain by Natasha (6 damage)
             ... on level 1 of the Dungeon.
             The game lasted 00:00:43 (796 turns).

Griffin23 the Shield-Bearer (Minotaur Fighter)       Turns: 796, Time: 00:00:43

Health: 0/33       AC:  7    Str: 22    XL:     3   Next: 48%
Magic:  2/2        EV:  8    Int:  5    God:
Gold:   49         SH:  4    Dex:  9    Spells: 2/2 levels left

rFire   . . .        a - +0 long sword
rCold   . . .        c - +0 buckler
rNeg    . . .        b - +0 scale mail
rPois   .            (helmet restricted)
rElec   .            (no cloak)
rCorr   .            (no gloves)
SInv    .            (no boots)
Will    .....        (no amulet) Stlth
                     (no ring)
HPRegen 0.25/turn    (no ring)
MPRegen 0.08/turn

%: no passive effects
@: no status effects
A: horns 2, retaliatory headbutt
a: no special abilities


You were on level 1 of the Dungeon.
You visited 1 branch of the dungeon, and saw 2 of its levels.

You collected 49 gold pieces.

Inventory:

Hand Weapons
 a - a +0 long sword (weapon)
Armour
 b - a +0 scale mail (worn)
 c - a +0 buckler (worn)
Scrolls
 f - a scroll of poison {unknown}
 h - a scroll of identify {unknown}
Potions
 d - a potion of might
 e - 2 potions of mutation {unknown}
 g - a potion of degeneration {unknown}
 i - a potion of curing {unknown}


   Skills:
 + Level 4.1 Fighting
 * Level 3.1 Long Blades
 + Level 4.2 Armour
 + Level 4.2 Shields


You had 2 spell levels left.
You didn't know any spells.
Your spell library contained the following spells:

 Spells                   Type           Power      Damage    Failure   Level
 Apportation              Tloc           0%         N/A       86%         1
 Necrotise                Necr           0%         1d4       86%         1
 Sting                    Conj/Alch      0%         1d3       86%         1
 Summon Small Mammal      Summ           0%         N/A       86%         1


Dungeon Overview and Level Annotations

Branches:
Dungeon (2/15)

Altars:

Annotations:
D:1 Natasha


Innate Abilities, Weirdness & Mutations

You have a pair of horns on your head.
You reflexively headbutt those who attack you in melee.


Message History

You kill Natasha!
Natasha growls in agony!
The cerulean imp disappears in a puff of smoke!
Your Long Blades skill increases to level 3!
You have reached level 3!
Your experience leads to an increase in your attributes!
Increase (S)trength, (I)ntelligence, or (D)exterity?
You feel stronger. x2
Natasha, Servant of Life and Death comes into view.
Natasha hisses angrily.
Natasha mumbles some strange words.
There are monsters nearby!
Natasha barely misses you.
The cerulean imp hits you from afar with a +2 spear!
There is a stone staircase leading down, spattered with blood here.
You hit Natasha.
Natasha is moderately wounded.
Natasha closely misses you.
The cerulean imp hits you from afar with a +2 spear.
You are too injured to fight recklessly!
You are too injured to fight recklessly!
The cerulean imp attacks as it pursues you!
The cerulean imp hits you but does no damage.
There is a stone staircase leading up here.
Natasha claws you.
The cerulean imp hits you from afar with a +2 spear.
* * * LOW HITPOINT WARNING * * *
You climb upwards.
The cerulean imp disappears in a puff of smoke!
There is a stone staircase leading down here.
You hit Natasha but do no damage.
Natasha is moderately wounded.
Natasha claws you.
* * * LOW HITPOINT WARNING * * *
Natasha claws you but does no damage.
You hit Natasha. You headbutt Natasha!
Natasha is almost dead.
Natasha claws you.
You die...
Natasha curls up and begins to purr.

#############
#...........#
#...#######.#
####...#### #.# ###
#.........# #.######..
#....÷@...# ##........#
#....h....###...#..####
####...#.###.#..##.# #
#...#........##.####
#.....###.#.###.##.#
##.....###..##..##.#
#............#.##.#
#..#......÷.......#
#.....#.######.#..#


You could see Natasha.

Vanquished Creatures
  Natasha (D:2)
  2 ball pythons (D:1)
  3 bats (D:1)
  3 endoplasms (D:1)
  3 goblins (D:1)
  4 hobgoblins
  2 frilled lizards (D:1)
  A kobold (D:1)
  3 rats (D:1)
22 creatures vanquished.

Notes
Turn   | Place    | Note
-------+----------+-------------------------------------------
     0 | D:1      | Griffin23 the Minotaur Fighter began the quest for the Orb.
     0 | D:1      | Reached XP level 1. HP: 19/19 MP: 0/0
   137 | D:1      | Reached XP level 2. HP: 24/27 MP: 1/1
   754 | D:2      | Noticed Natasha
   767 | D:2      | Killed Natasha
   768 | D:2      | Reached XP level 3. HP: 20/33 MP: 2/2
   788 | D:2      | Noticed Natasha
   796 | D:1      | Slain by Natasha

Illustrated notes

Levels and vault maps discovered:
D:1:      matt_arrival_grand_opening, layout_loops_ring
D:2:      minmay_chambers_of_ones, layout_loops_ring, serial_shops, shop,
          minmay_stone_trees_medium, uniq_natasha

Skill      XL: |  1  2 |
---------------+-------+-----
Armour         | 4 |  4.2
Shields        | 4 |  4.2
Fighting       | 4 |  4.1
Long Blades    | 3 |  3.1

Action                     || total
---------------------------++-------
  Melee: Long sword        ||    66
         Headbutt          ||     7
 Armour: Scale mail        ||    66
  Dodge: Dodged            ||    27
  Block: Buckler           ||    15

Table legend: (Time is in decaauts)
 A = Elapsed time spent in this place.
 B = Non-inter-level travel time spent in this place.
 C = Inter-level travel time spent in this place.
 D = Time resting spent in this place.
 E = Time spent auto-exploring this place.
 F = Levels seen in this place.
 G = Mean time per level.
                   A        B        C        D        E       F      G
               +--------+--------+--------+--------+--------+-----+--------+
         Total |    816 |    793 |     23 |      0 |    635 |   2 |  408.0 |
       Dungeon |    816 |    793 |     23 |      0 |    635 |   2 |  408.0 |
               +--------+--------+--------+--------+--------+-----+--------+

Top non-repeatable levels by time:
     D:1: 768 daAuts
     D:2: 47 daAuts
